 Dungeon Crawl Stone Soup version 0.17.1-3-g152610e (webtiles) character file.

16 juanjsm the Digger (level 2, -1/15 HPs)
             Began as a Gargoyle Earth Elementalist on Mar 14, 2016.
             Slain by a hobgoblin
             ... wielding a +0 club
              (5 damage)
             ... on level 1 of the Dungeon.
             The game lasted 00:06:01 (799 turns).

juanjsm the Digger (Gargoyle Earth Elementalist)     Turns: 799, Time: 00:06:01

Health: -1/15      AC:  4    Str: 11    XL:     2   Next: 54%
Magic:  0/5        EV: 12    Int: 15    God:
Gold:   2          SH:  0    Dex: 10    Spells: 2 memorised, 2 levels left

rFire  . . .     SeeInvis .     (no weapon)
rCold  . . .     Clarity  .     a - +0 robe
rNeg   + . .     SustAt   .     (no shield)
rPois  ∞         Gourm    .     (no helmet)
rElec  +         Spirit   .     (no cloak)
rCorr  .         Warding  .     (no gloves)
rMut   .         Stasis   .     (no boots)
MR     .....                    (no amulet)
Stlth  ++........               (no ring)
                                (no ring)

@: very slightly contaminated, not resistant to hostile enchantments, unstealthy
A: negative energy resistance 1, electricity resistance, unbreathing,
petrification resistance, rot immunity, AC +2
a: no special abilities


You were on level 1 of the Dungeon.
You were not hungry.

You visited 1 branch of the dungeon, and saw 1 of its levels.

You collected 2 gold pieces.

Inventory:

Missiles
 b - 20 stones (quivered)
Armour
 a - a +0 robe (worn)
Scrolls
 e - a scroll of recharging {unknown}
 f - a scroll of amnesia {unknown}
Potions
 g - a potion of lignification {unknown}
 i - a potion of flight {unknown}
Books
 c - a book of Geomancy

   Spells                             Type                      Level
   a - Sandblast                      Earth                        1
   b - Stoneskin                      Transmutation/Earth          2
   c - Passwall                       Transmutation/Earth          3
   d - Stone Arrow                    Conjuration/Earth            3
   e - Petrify                        Transmutation/Earth          4
   f - Lee's Rapid Deconstruction     Earth                        5
Comestibles
 d - a bread ration
 h - 4 chunks of flesh


   Skills:
 + Level 1.7 Dodging
 + Level 2.1 Stealth
 + Level 0.2 Unarmed Combat
 + Level 2.2 Spellcasting
 + Level 0.7 Transmutations
 + Level 4.1 Earth Magic


You had 2 spell levels left.
You knew the following spells:

 Your Spells              Type           Power        Failure   Level  Hunger
a - Sandblast             Erth           ##....       4%          1    #......
b - Stoneskin             Trmt/Erth      #.......     12%         2    ###....


Dungeon Overview and Level Annotations

Branches:
Dungeon (1/15)

Altars:


Innate Abilities, Weirdness & Mutations

You are resistant to torment.
Your stone body is resilient (AC +2).
You are immune to poison.
You resist negative energy.
You are resistant to electric shocks.
You can survive without breathing.
You are immune to petrification.
You are immune to rotting.


Message History

Confirm with . or Enter, or press ? or * to list all spells.
You don't know that spell.
Casting: Sandblast
Confirm with . or Enter, or press ? or * to list all spells.
Aiming: Sandblast
Press: ? - help, Shift-Dir - straight line, f/p - hobgoblin
Aim: a hobgoblin, wielding a club (heavily wounded)
The blast of sand hits the hobgoblin.
The hobgoblin is heavily wounded.
The hobgoblin hits you with a club.
* * * LOW HITPOINT WARNING * * *
Casting: Sandblast
Confirm with . or Enter, or press ? or * to list all spells.
Aiming: Sandblast
Press: ? - help, Shift-Dir - straight line, f/p - hobgoblin
Aim: a hobgoblin, wielding a club (heavily wounded)
The blast of sand hits the hobgoblin.
The hobgoblin is heavily wounded.
The hobgoblin hits you with a club.
You die...

...####.......# #####.#.#.##.#..
..............# #.#.#......#
.#............########.#.#.######
.+............................
.#.......................#####
.#......######..........##
.#......# #..........# .#......#
#..........# .)......#
#..@.......# #.#####.#
####+#g#####.## #.#
.##.............# #..
##...g..######## ##.# #...... .#
#...... .. #...... #. #####+#


You could see a hobgoblin.

Vanquished Creatures
  A giant gecko (D:1)
  5 bats (D:1)
  2 goblins (D:1)
  4 jackals (D:1)
  2 giant newts (D:1)
  2 rats (D:1)
16 creatures vanquished.

Notes
Turn   | Place    | Note
--------------------------------------------------------------
     0 | D:1      | juanjsm the Gargoyle Earth Elementalist began the quest for the Orb.
     0 | D:1      | Reached XP level 1. HP: 10/10 MP: 3/3
   407 | D:1      | Reached XP level 2. HP: 15/15 MP: 0/5
   443 | D:1      | Reached skill level 4 in Earth Magic
   714 | D:1      | Learned a level 2 spell: Stoneskin
   799 | D:1      | Slain by a hobgoblin

Action                   || total
-------------------------++-------
Melee: Unarmed           ||    34
 Cast: Sandblast         ||    31
 Stab: Sleeping          ||     1
